 Dungeon Crawl Stone Soup version 0.25-a0-591-g2ad0d861f1 (webtiles) character file.

Game seed: 16496919404655168602, levelgen mode: deterministic

7800 Gargoyl the Corrupter of Planes (level 11, 0/88 (89) HPs)
             Began as a Centaur Abyssal Knight on Mar 14, 2020.
             Was the Champion of Lugonu.
             Slain by a komodo dragon (21 damage)
             ... on level 11 of the Dungeon.
             The game lasted 00:23:08 (10808 turns).

Gargoyl the Corrupter of Planes (CeAK)             Turns: 10808, Time: 00:23:08

HP:   0/88 (89)     AC: 19    Str: 16    XL:     11   Next: 1%
MP:   16/16         EV:  5    Int: 11    God:    Lugonu [******]
Gold: 422           SH: 11    Dex:  9    Spells: 10/10 levels left

rFire    + . .     SeeInvis .   a - +3 hand axe
rCold    . . .     Gourm    .   s - +2 kite shield
rNeg     + . .     Faith    .   x - +4 chain mail {rF+}
rPois    +         Spirit   .   k - +1 helmet
rElec    .         Reflect  .   (no cloak)
rCorr    .         Harm     .   (no gloves)
MR       .....                  (no barding)
Stlth    ..........             h - amulet of regeneration
HPRegen  0.64/turn              d - ring of poison resistance
MPRegen  0.15/turn              b - ring of positive energy

@: very quick
A: large, hooves 3, iridescent scales 1, slimy green scales 1, clumsy 1,
deformed body, speed 2, sense surroundings 1, tough skin 3
a: Depart the Abyss, Bend Space, Banish, Corrupt, Enter the Abyss, Brand Weapon
With Distortion, Renounce Religion


You were on level 11 of the Dungeon.
You worshipped Lugonu.
Lugonu was exalted by your worship.
You were hungry.

You visited 1 branch of the dungeon, and saw 11 of its levels.
You visited the Abyss 1 time.

You collected 831 gold pieces.
You spent 409 gold pieces at shops.

Inventory:

Hand Weapons
 a - a +3 hand axe (weapon)
Missiles
 w - 8 boomerangs (quivered)
Armour
 k - a +1 helmet (worn)
 s - a +2 kite shield (worn)
 x - a +4 chain mail of fire resistance (worn)
Jewellery
 b - a ring of positive energy (right hand)
 d - a ring of poison resistance (left hand)
 f - an uncursed ring of flight
 h - an amulet of regeneration (around neck)
 m - an uncursed ring of resist corrosion {unknown}
 n - an uncursed ring of positive energy
Wands
 i - a wand of paralysis (2)
 j - a wand of polymorph (2)
 l - a wand of disintegration (30)
 q - a wand of flame (14)
 C - a wand of acid (12)
Scrolls
 o - 6 scrolls of remove curse
 p - 2 scrolls of identify
 u - a scroll of fog
 y - a scroll of vulnerability {unknown}
 z - a scroll of summoning {unknown}
 A - 2 scrolls of fear
 B - a scroll of enchant armour
Potions
 e - a potion of haste
 g - a potion of invisibility
 r - a potion of magic
 t - a potion of stabbing {unknown}
 v - 4 potions of curing
Comestibles
 c - 14 rations


   Skills:
 + Level 5.8 Fighting
 + Level 7.4 Axes
 + Level 0.8 Throwing
 * Level 6.4 Armour
 * Level 5.4 Dodging
 + Level 4.6 Shields
 * Level 7.6 Invocations
 + Level 0.2 Evocations


You had 10 spell levels left.
You didn't know any spells.
Your spell library contained the following spells:

 Spells                   Type           Power        Failure   Level  Hunger
 Animate Skeleton         Necr           N/A          100%        1    ##.....
 Pain                     Necr           #...         100%        1    ##.....
 Vampiric Draining        Necr           #.........   100%        3    ####...
 Animate Dead             Necr           N/A          100%        4    #####..
 Agony                    Necr           #.......     100%        5    ######.


Dungeon Overview and Level Annotations

Branches:
Dungeon (11/15)            Temple (0/1) D:6
   Lair: D:8-11         Orc: D:9-12

Altars:
Ashenzari
Cheibriados
Dithmenos
Gozag
Nemelex Xobeh
Sif Muna
Vehumet
Wu Jian
Yredelemnul
Zin
The Shining One

Shops:
D:4 (   D:6 [   D:8 *

Annotations:
D:3 3 runed translucent doors, wub's ghost, amateur HOFi


Innate Abilities, Weirdness & Mutations

You have hooves in place of feet.
Armour fits poorly on your strangely shaped body.
You cover ground very quickly.
You have extremely tough skin. (AC +3)
You are partially covered in iridescent scales. (AC +2)
You are partially covered in slimy green scales. (AC +2)
You are clumsy. (Dex -2)
You passively map a small area around you.


Message History

You kick the komodo dragon, but do no damage.
The komodo dragon is moderately wounded.
You block the komodo dragon's attack.
You hit the komodo dragon.
You kick the komodo dragon, but do no damage.
The komodo dragon is heavily wounded.
The komodo dragon bites you!
Your shield and chain mail prevent you from hitting the komodo dragon.
You kick the komodo dragon, but do no damage.
The komodo dragon is heavily wounded.
The komodo dragon bites you!
The jelly jiggles.
You hit the komodo dragon. You kick the komodo dragon!
The komodo dragon is severely wounded.
The komodo dragon bites you!
* * * LOW HITPOINT WARNING * * *
You slash the komodo dragon!
The komodo dragon is severely wounded.
The komodo dragon bites you!!
You die...

#.# ,, .. ##
#########.######* **###
...............# ,*
################
,#.##.#.##### *,*
#...(..).J###
....K..###..tKK# ###
### ,....K## #.##Kl####
#.###.###### ..##
######@..###...........
. * **
####...########### , ,
#.###.# * ### ### * **
,


You could see a komodo dragon, a crocodile, a big kobold, a jelly and 2 kobolds.

Vanquished Creatures
  A wolf spider zombie (D:9)
  2 trolls
  A queen bee (D:8)
  A hornet (D:10)
  2 hippogriffs
  The ghost of tamionv the Twirler, an amateur GrGl (D:4)
  2 wyverns
  A steam dragon (D:11)
  3 hungry ghosts
  Menkaure (D:5)
  An acid dragon (D:10)
  A water moccasin (D:10)
  A black bear (D:8)
  2 orc warriors (D:10)
  2 necrophages (D:10)
  4 ogres
  2 centaurs
  4 big kobolds
  2 gnoll sergeants
  6 bullfrogs
  4 scorpions
  27 killer bees
  5 wights (D:7)
  2 howler monkeys
  6 crimson imps
  A bullfrog zombie (D:6)
  3 centaur zombies
  A quasit (D:11)
  A bullfrog skeleton (D:5)
  A hound (D:9)
  2 orc priests
  3 iguanas
  A jelly (D:10)
  7 orc wizards
  11 worker ants
  A hound zombie (D:5)
  A hound skeleton (D:9)
  Robin (D:2)
  2 worker ant zombies
  7 gnolls
  11 adders
  A shadow imp (D:6)
  An ooze (D:4)
  An adder zombie (D:5)
  2 adder skeletons
  4 worms
  A dart slug (D:1)
  4 leopard geckos
  32 orcs
  12 bats
  A giant cockroach (D:6)
  17 goblins
  11 hobgoblins
  16 jackals
  5 quokkas
  2 ball pythons (D:2)
  3 frilled lizards
  A jackal zombie (D:6)
  40 kobolds
  A leopard gecko zombie (D:5)
  2 quokka skeletons
  6 rats
301 creatures vanquished.

Vanquished Creatures (others)
  An orc wizard (D:10)
  4 plants (D:3)
5 creatures vanquished.

Grand Total: 306 creatures vanquished

Notes
Turn   | Place    | Note
-------+----------+-------------------------------------------
     0 | Abyss:1  | Gargoyl the Centaur Abyssal Knight began the quest for the
                  | Orb.
     0 | Abyss:1  | Reached XP level 1. HP: 19/19 MP: 2/2
    29 | Abyss:2  | Got a sparkling marble ring
    30 | Abyss:2  | Identified the ring of Devotion {rPois rCorr Str+3 Slay-5}
                  | (You found it on level 2 of the Abyss)
    90 | Abyss:3  | Noticed a smoke demon
    91 | D:1      | Escaped the Abyss
   235 | D:1      | Reached XP level 2. HP: 26/26 MP: 3/3
   237 | D:1      | Reached * piety under Lugonu
   525 | D:1      | Reached skill level 1 in Dodging
   961 | D:2      | Reached XP level 3. HP: 29/31 MP: 4/4
  1386 | D:2      | Noticed Robin
  1402 | D:2      | Killed Robin
  1402 | D:2      | Reached XP level 4. HP: 36/39 MP: 5/5
  1749 | D:2      | Reached ** piety under Lugonu
  1802 | D:2      | Found a snail-covered altar of Cheibriados.
  2061 | D:3      | Found a runed translucent gate.
  2075 | D:3      | Found a runed translucent gate.
  2076 | D:3      | Found a runed translucent gate.
  2076 | D:3      | Noticed wub's ghost (amateur HOFi)
  2102 | D:3      | Found a sparkling altar of Nemelex Xobeh.
  2311 | D:3      | Reached XP level 5. HP: 46/46 MP: 7/7
  2612 | D:4      | Found Qirebb's Weapon Shop.
  2886 | D:4      | Reached *** piety under Lugonu
  3098 | D:4      | Reached XP level 6. HP: 30/52 MP: 8/8
  3154 | D:4      | Found a runed translucent gate.
  3155 | D:4      | Found a runed translucent gate.
  3155 | D:4      | Noticed tamionv's ghost (amateur GrGl)
  3156 | D:4      | Found a runed translucent gate.
  3462 | D:4      | Gained mutation: You are clumsy. (Dex -2) [potion of
                  | mutation]
  3462 | D:4      | Gained mutation: Your body sometimes deteriorates upon
                  | taking damage. [potion of mutation]
  3462 | D:4      | Gained mutation: You are partially covered in iridescent
                  | scales. (AC +2) [potion of mutation]
  3495 | D:4      | Killed tamionv's ghost
  3507 | D:4      | Paralysed by a kobold for 6 turns
  3600 | D:5      | Entered Level 5 of the Dungeon
  3804 | D:5      | Reached XP level 7. HP: 53/59 MP: 9/9
  3926 | D:5      | Found a shadowy altar of Dithmenos.
  3957 | D:5      | Reached skill level 1 in Shields
  4021 | D:5      | Found a shattered altar of Ashenzari.
  4022 | D:5      | Noticed Menkaure
  4024 | D:5      | Found a shadowy altar of Dithmenos.
  4350 | D:5      | Killed Menkaure
  4808 | D:5      | Found an ornate altar of the Wu Jian Council.
  4846 | D:5      | Reached XP level 8. HP: 66/66 MP: 11/11
  4993 | D:6      | Found a staircase to the Ecumenical Temple.
  5091 | D:6      | Noticed a hippogriff
  5102 | D:6      | Killed a hippogriff
  5279 | D:6      | Reached **** piety under Lugonu
  5362 | D:6      | Reached skill level 5 in Axes
  5460 | D:6      | Found Daoxea Catsi's Armour Shop.
  5463 | D:6      | Bought a +4 chain mail of fire resistance for 409 gold
                  | pieces
  5670 | D:7      | Found a radiant altar of Vehumet.
  5861 | D:7      | Reached skill level 5 in Invocations
  6002 | D:7      | Reached XP level 9. HP: 71/72 MP: 13/13
  6815 | D:8      | Found a shimmering blue altar of Sif Muna.
  6880 | D:8      | Found Diubocki's Lightly-Used Armoury.
  6950 | D:8      | Reached ***** piety under Lugonu
  7206 | D:8      | Reached skill level 5 in Armour
  7221 | D:8      | Noticed a queen bee
  7226 | D:8      | Killed a queen bee
  7226 | D:8      | Reached skill level 5 in Fighting
  7269 | D:8      | Noticed a troll
  7282 | D:8      | Killed a troll
  8018 | D:9      | Found an opulent altar of Gozag.
  8220 | D:9      | Reached XP level 10. HP: 60/81 MP: 14/14
  8405 | D:9      | Found a basalt altar of Yredelemnul.
  8662 | D:9      | HP: 2/81 [wolf spider zombie (12)]
  8819 | D:9      | Lost mutation: Your body sometimes deteriorates upon taking
                  | damage. [potion of mutation]
  8819 | D:9      | Lost mutation: You are clumsy. (Dex -2) [potion of
                  | mutation]
  8819 | D:9      | Gained mutation: You are clumsy. (Dex -2) [potion of
                  | mutation]
  8819 | D:9      | Gained mutation: You passively map a small area around you.
                  | [potion of mutation]
  8819 | D:9      | Gained mutation: You are partially covered in slimy green
                  | scales. (AC +2) [potion of mutation]
  8970 | D:9      | Noticed an angel
  8971 | D:9      | Found a glowing silver altar of Zin.
  9009 | D:9      | Found a glowing golden altar of the Shining One.
  9139 | D:9      | Noticed an angel
  9162 | D:10     | Entered Level 10 of the Dungeon
  9606 | D:10     | Reached skill level 5 in Dodging
 10575 | D:11     | Reached ****** piety under Lugonu
 10698 | D:11     | Reached XP level 11. HP: 88/88 MP: 16/16
 10808 | D:11     | Slain by a komodo dragon

Levels and vault maps discovered:
D:1:      scummos_arrival_gate, layout_loops_ring, minmay_misc_feat_nine_boxes
D:2:      layout_basic, cheibriados_altar_1, uniq_robin
D:3:      layout_basic, nicolae_overflow_crystal_walls,
          gammafunk_ghost_nasty_kobolds
D:4:      layout_basic, serial_shops, kennysheep_mini_moat,
          gammafunk_ghost_nasty_kobolds
D:5:      layout_loops_ring, lemuel_coloured_pillars_altar,
          chequers_temple_overflow_statue_of_worship, first_ration,
          grunt_dithmenos_smoke_and_mirrors, uniq_menkaure
D:6:      layout_basic, minmay_temple_entry_tees, serial_shops,
          nicolae_shop_behind_doors, minmay_chambers_of_fives
D:7:      layout_basic, fiery_altar_vehumet, minmay_misc_feat_five
D:8:      layout_basic, lemuel_crystal_altar, roderic_st_hans_cross,
          david_nohive_1, grunt_decor_one_mirror, minmay_shop_damaged,
          grunt_decor_arrowhead
D:9:      layout_long_grid, grunt_temple_overflow_holy_war, zin_angel,
          nicolae_gozag_cash_rules_everything_around_me
D:10:     layout_roguey
D:11:     layout_loops_ring, erik_lair_dragon

Skill      XL: |  1  2  3  4  5  6  7  8  9 10 |
---------------+-------------------------------+-----
Dodging        | 1 2 3 4 5 |  5.4
Axes           | 2 3 4 5 6 7 |  7.4
Armour         | 2 3 4 5 6 |  6.4
Invocations    | 3 4 5 6 7 |  7.6
Fighting       | 4 5 |  5.8
Shields        | 1 2 3 4 |  4.6
Throwing       | |  0.8
Evocations     | |  0.2

Action                   |  1- 3 |  4- 6 |  7- 9 | 10-12 || total
-------------------------+-------+-------+-------+-------++-------
Melee: Hand axe          |    84 |   243 |   658 |   520 ||  1505
       Kick              |    21 |    34 |   128 |    86 ||   269
Throw: Boomerang         |       |       |     6 |     9 ||    15
Invok: Depart the Abyss  |     1 |       |       |       ||     1
       Bend Space        |       |     1 |       |     1 ||     2
       Banish            |       |     1 |       |       ||     1
Evoke: Wand              |       |       |     5 |       ||     5
  Use: Scroll            |     6 |     4 |     8 |     5 ||    23
       Potion            |       |     4 |     3 |     3 ||    10
 Stab: Invisible         |       |       |       |     1 ||     1
  Eat: Chunk             |       |     7 |    13 |    11 ||    31
       Ration            |       |       |       |     3 ||     3
Armor: Ring mail         |    38 |    83 |   113 |       ||   234
       Leather armour    |     1 |       |       |       ||     1
       Skin              |       |    20 |    66 |       ||    86
       Chain mail        |       |       |   330 |   293 ||   623
Dodge: Dodged            |    38 |    69 |   135 |   101 ||   343
Block: Kite shield       |       |    53 |   409 |   297 ||   759

Table legend:
 A = Non-vault XP
 B = Vault XP
 C = Vault XP percentage of total XP
 D = Non-vault monster count
 E = Vault monster count
 F = Vault count percentage of total count
                 A         B        C        D         E       F
            +---------+---------+-------+---------+---------+-------
      Total |    9145 |    1999 |  17.9 |     260 |      42 |  13.9
            +---------+---------+-------+---------+---------+-------
        D:1 |      39 |       0 |   0.0 |      23 |       0 |   0.0
        D:2 |      68 |      36 |  34.6 |      18 |      12 |  40.0
        D:3 |      96 |       0 |   0.0 |      26 |       0 |   0.0
        D:4 |     143 |     246 |  63.2 |       7 |       8 |  53.3
        D:5 |     632 |     169 |  21.1 |      33 |       1 |   2.9
        D:6 |     347 |     344 |  49.8 |      10 |       5 |  33.3
        D:7 |     779 |      63 |   7.5 |      25 |       1 |   3.8
        D:8 |    1240 |    1141 |  47.9 |      28 |      15 |  34.9
        D:9 |    1828 |       0 |   0.0 |      19 |       0 |   0.0
       D:10 |    3059 |       0 |   0.0 |      49 |       0 |   0.0
       D:11 |     914 |       0 |   0.0 |      22 |       0 |   0.0
            +---------+---------+-------+---------+---------+-------
